 Dungeon Crawl Stone Soup version 0.26.1 (webtiles) character file.

Game seed: 17873288728336350986

73 Gduck the Vexing (level 4, 0/32 HPs)
             Began as a Barachi Arcane Marksman on Feb 6, 2021.
             Succumbed to an adder's poison
             ... on level 2 of the Dungeon.
             The game lasted 00:06:29 (2735 turns).

Gduck the Vexing (Barachi Arcane Marksman)          Turns: 2735, Time: 00:06:30

Health: 0/32       AC:  2    Str: 11    XL:     4   Next: 27%
Magic:  3/7        EV: 12    Int: 14    God:
Gold:   36         SH:  0    Dex: 13    Spells: 4/7 levels left

rFire    . . .     SeeInvis .   a - +0 dagger
rCold    . . .     Faith    .   (no shield)
rNeg     . . .     Spirit   .   e - +0 robe
rPois    .         Reflect  .   (helmet restricted)
rElec    .         Harm     .   (no cloak)
rCorr    .         Rampage  .   (no gloves)
Will     .....                  (no boots)
Stlth    +.........             (no amulet)
HPRegen  0.10/turn              (no ring)
MPRegen  0.10/turn              (no ring)

@: lethally poisoned (0 -> -6), slow
A: +LOS, swims, horns 1, screaming 1, slowness 1, strong legs 1
a: Hop


You were on level 2 of the Dungeon.
You visited 1 branch of the dungeon, and saw 2 of its levels.

You collected 36 gold pieces.

Inventory:

Hand Weapons
 a - a +0 dagger (weapon)
 b - a +0 shortbow
Armour
 e - a +0 robe (worn)
Jewellery
 f - a +6 ring of intelligence {unknown}
 g - an uncursed ring of magical power {unknown}
 m - an uncursed amulet of faith {unknown}
Scrolls
 c - 2 scrolls of identify {unknown}
 h - a scroll of enchant armour {unknown}


   Skills:
 - Level 1.2 Fighting
 + Level 0.4 Short Blades
 + Level 3.0 Bows
 - Level 2.1 Dodging
 + Level 2.1 Spellcasting
 + Level 4.2 Hexes


You had 4 spell levels left.
You knew the following spells:

 Your Spells              Type           Power        Failure   Level
a - Corona                Hex            14%          4%          1
b - Slow                  Hex            13%          6%          2

Your spell library contained the following spells:

 Spells                   Type           Power        Failure   Level
 Inner Flame              Hex/Fire       7%           30%         3
 Portal Projectile        Hex/Tloc       14%          30%         3
 Cause Fear               Hex            6%           38%         4
 Leda's Liquefaction      Hex/Erth       3%           69%         4


Dungeon Overview and Level Annotations

Branches:
Dungeon (2/15)

Altars:


Innate Abilities, Weirdness & Mutations

You can be seen from farther away. (+LOS)
You can swim through water.
You cover ground slowly.
You can hop short distances.
You have a pair of small horns on your head.
You occasionally shout uncontrollably at your foes.


Message History

You aren't carrying any potions.
* * * LOW HITPOINT WARNING * * *
You feel sick.
* * * LOW HITPOINT WARNING * * *
You feel sick.
* * * LOW HITPOINT WARNING * * *
You feel sick.
You see here 4 arrows.
Unknown command.
There is a lethal amount of poison in your body!
There is a lethal amount of poison in your body!
You are ready to hop once more.
* * * LOW HITPOINT WARNING * * *
You feel sick.
* * * LOW HITPOINT WARNING * * *
You feel sick.
* * * LOW HITPOINT WARNING * * *
You feel sick.
Unknown command.
You die...

#.# ###.##............
#.# #...#.........>..[
#.# #.####.#.#.###.#..
#.# #.# #..##.# #.#.#
#.# #.# #.# #.# #.#..
#.###.####.###.# #.###
#...........[..# #.###
#..).(.......... .#...
#.###@#####.#..# #.###
#.# #.#####.#..###.###
#.# #(((....#.........
#.# #########..#######
#.# #..# #.# #..# #.#
#..#######
#.###########........#
#...^....>....######.#


There were no monsters in sight!

Vanquished Creatures
  3 adders
  A worm (D:2)
  A dart slug (D:1)
  4 bats (D:1)
  4 giant cockroaches
  5 goblins
  6 hobgoblins
  4 jackals (D:1)
  3 kobolds (D:1)
  2 frilled lizards (D:1)
  5 rats
38 creatures vanquished.

Vanquished Creatures (others)
  4 toadstools (D:1)
4 creatures vanquished.

Grand Total: 42 creatures vanquished

Notes
Turn   | Place    | Note
-------+----------+-------------------------------------------
     0 | D:1      | Gduck the Barachi Arcane Marksman began the quest for the
                  | Orb.
     0 | D:1      | Reached XP level 1. HP: 15/15 MP: 2/2
   270 | D:1      | Reached XP level 2. HP: 11/21 MP: 3/3
   420 | D:1      | Learned a level 2 spell: Slow
   981 | D:1      | Reached XP level 3. HP: 26/26 MP: 5/5
  1461 | D:1      | Reached skill level 4 in Hexes
  2167 | D:1      | Gained mutation: You occasionally shout uncontrollably at
                  | your foes. [potion of mutation]
  2167 | D:1      | Gained mutation: You have a pair of small horns on your
                  | head. [potion of mutation]
  2433 | D:2      | Reached XP level 4. HP: 31/32 MP: 5/7
  2734 | D:2      | HP: 1/32 [poisoned by an adder]
  2735 | D:2      | Succumbed to an adder's poison

Illustrated notes

Levels and vault maps discovered:
D:1:      ldierk_walled_garden_2, layout_loops_ring, serial_forest,
          infiniplex_forest_lined_room_, infiniplex_forest_lined_2,
          infiniplex_forest_straight_2, infiniplex_forest_lined_3,
          infiniplex_forest_clump_medium, infiniplex_forest_clump_double,
          infiniplex_forest_zigzag_1, chequers_mini_garden
D:2:      minmay_diamond_boxcup, layout_loops_ring, serial_bayou_pond_b

Skill      XL: |  1  2  3  4 |
---------------+-------------+-----
Hexes          | 4 |  4.2
Spellcasting   | 2 |  2.1
Bows           | 3 |  3.0
Fighting       | |  1.2
Short Blades   | |  0.4
Dodging        | |  2.1

Action                   |  1- 3 |  4- 6 || total
-------------------------+-------+-------++-------
Melee: Dagger            |   131 |    18 ||   149
       Headbutt          |     1 |     2 ||     3
 Fire: Shortbow          |    69 |    14 ||    83
 Cast: Slow              |     8 |     6 ||    14
 Abil: Hop               |     6 |     3 ||     9
  Use: Potion            |     3 |     1 ||     4
Armor: Robe              |    34 |     2 ||    36
Dodge: Dodged            |   119 |    14 ||   133
